 Dungeon Crawl Stone Soup version 0.30-a0-122-g2a1322497e (webtiles) character file.

Game seed: 12717888935350594353

128 Decritt the Shooter (level 4, 0/23 HPs)
             Began as a Spriggan Hunter on Sept 16, 2022.
             Killed by divine providence
             ... invoked by an orc priest
              (12 damage)
             ... on level 3 of the Dungeon.
             The game lasted 00:03:47 (2070 turns).

Decritt the Shooter (Spriggan Hunter)               Turns: 2070, Time: 00:03:47

Health: 0/23       AC:  5    Str:  7    XL:     4   Next: 87%
Magic:  5/5        EV: 19    Int: 10    God:
Gold:   63         SH:  0    Dex: 20    Spells: 3/3 levels left

rFire   . . .      SeeInvis +    a - +0 shortbow
rCold   . . .      Faith    .    (shield currently unavailable)
rNeg    . . .      Spirit   .    c - +0 robe
rPois   .          Reflect  .    (helmet restricted)
rElec   .          Harm     .    g - +2 cloak
rCorr   +          Rampage  .    (gloves unavailable)
Will    +....                    (boots unavailable)
Stlth   +++.......               (no amulet)
HPRegen 0.07/turn                f - ring of willpower
MPRegen 0.09/turn                i - ring of resist corrosion

@: very quick
A: very small, no large weapons, unfitting armour, see invisible, speed 3
a: no special abilities


You were on level 3 of the Dungeon.
You visited 1 branch of the dungeon, and saw 3 of its levels.

You collected 63 gold pieces.

Inventory:

Hand Weapons
 a - a +0 shortbow (weapon)
Armour
 c - a +0 robe (worn)
 g - a +2 cloak (worn)
Jewellery
 f - a ring of willpower (left hand)
 i - a ring of resist corrosion (right hand)
Scrolls
 b - a scroll of immolation
 e - a scroll of magic mapping {unknown}
 k - 4 scrolls of fear {unknown}
 l - a scroll of identify {unknown}
Potions
 d - a potion of heal wounds {unknown}
 h - a potion of lignification {unknown}
 j - 5 potions of curing {unknown}
 m - 3 potions of haste {unknown}
 n - a potion of attraction {unknown}


   Skills:
 + Level 2.4 Fighting
 + Level 4.6 Ranged Weapons
 + Level 4.1 Dodging
 + Level 3.9 Stealth


You had 3 spell levels left.
You didn't know any spells.
Your spell library contained the following spells:

 Spells                   Type           Power      Damage    Failure   Level
 Ozocubu's Armour         Ice            0%         N/A       75%         3
 Ozocubu's Refrigeration  Ice            0%         4d7       100%        7


Dungeon Overview and Level Annotations

Branches:
Dungeon (3/15)

Altars:


Innate Abilities, Weirdness & Mutations

You are very small and have problems with some larger weapons.
You are too small for most types of armour.
You have supernaturally acute eyesight. (SInv)
You cover ground extremely quickly. (Speed+++)


Message History

You shoot an arrow. The arrow closely misses the adder.
The adder bites you but does no damage.
There is a stone staircase leading down here.
You shoot an arrow. The arrow barely misses the adder.
The adder bites you.
You shoot an arrow. The arrow hits the adder!
You kill the adder!
HP restored. 2 orcs come into view.
An orc is wielding a +2 short sword of venom.
The orc shouts!
You hear a shout!
You shoot an arrow. The arrow hits the orc.
The orc is lightly wounded.
An orc priest comes into view. It is wielding a +0 dagger.
You shoot an arrow. The arrow closely misses the orc.
The orc priest invokes the aid of Beogh against you.
Beogh smites you!
Ouch! That really hurt!
* * * LOW HITPOINT WARNING * * *
No target in view!
An orc is nearby!
You shoot an arrow. The arrow hits the orc!
You kill the orc!
An orc is nearby!
You shoot an arrow. The arrow hits the orc.
The orc is almost dead.
An orc priest comes into view. It is wielding a +0 mace.
You shoot an arrow. The arrow hits the orc.
You kill the orc!
You shoot an arrow. The arrow barely misses the orc priest.
You shoot an arrow. The arrow hits the orc priest.
The orc priest is heavily wounded.
You shoot an arrow. The arrow hits the orc priest.
The orc priest is severely wounded.
The orc priest begins to cast a cantrip, but forgets the words!
You shoot an arrow. The arrow hits the orc priest.
The orc priest is almost dead.
The orc priest invokes the aid of Beogh against you.
Beogh smites you!
Ouch! That really hurt!
You die...

### #################.#
#.................#
#.###############.## #.#
#.........# #.# #.#########
##### #.###### #@# ..†.#
#.....<# #.# ....# ######## #.#
....##### #o# ....#...# #.###
....#...########.).#
............>....#.#############
....######.......#.............#
##### #.......###########.###


You could see an orc priest.

Vanquished Creatures
  An orc priest (D:3)
  5 adders
  A worm (D:2)
  3 dart slugs
  5 orcs (D:3)
  3 ball pythons
  3 endoplasms
  2 giant cockroaches
  3 goblins
  4 hobgoblins
  5 kobolds
  A bat (D:1)
  A frilled lizard (D:2)
  4 rats
41 creatures vanquished.

Notes
Turn   | Place    | Note
-------+----------+-------------------------------------------
     0 | D:1      | Decritt the Spriggan Hunter began the quest for the Orb.
     0 | D:1      | Reached XP level 1. HP: 10/10 MP: 2/2
   189 | D:1      | Noticed a great orb of eyes
   192 | D:1      | Noticed a golden eye
   194 | D:1      | Found a faded altar of an unknown god.
   196 | D:1      | Noticed an eye of devastation
   196 | D:1      | Noticed an eye of devastation
   398 | D:1      | Reached XP level 2. HP: 15/15 MP: 3/3
   994 | D:2      | Reached XP level 3. HP: 18/18 MP: 4/4
  1505 | D:2      | Reached XP level 4. HP: 23/23 MP: 5/5
  2070 | D:3      | Killed from afar by an orc priest

Illustrated notes

Levels and vault maps discovered:
D:1:      dpeg_arrival_lava_temple_mockup, layout_loops_corners,
          hellmonk_ecumenical_altar_watching_god
D:2:      layout_rooms, minmay_octomino_c4
D:3:      layout_basic, mainiacjoe_overflow_24_doors, uniq_jessica, uniq_ijyb

Skill      XL: |  1  2  3  4 |
---------------+-------------+-----
Stealth        | 2 3 |  3.9
Dodging        | 3 4 |  4.1
Fighting       | 2 |  2.4
Ranged Weapons | |  4.6

Action                   |  1- 3 |  4- 6 || total
-------------------------+-------+-------++-------
 Fire: Shortbow          |    79 |    46 ||   125
Armor: Robe              |     3 |     1 ||     4
Dodge: Dodged            |    21 |    20 ||    41

Table legend: (Time is in decaauts)
 A = Elapsed time spent in this place.
 B = Non-inter-level travel time spent in this place.
 C = Inter-level travel time spent in this place.
 D = Time resting spent in this place.
 E = Time spent auto-exploring this place.
 F = Levels seen in this place.
 G = Mean time per level.
                   A        B        C        D        E       F      G
               +--------+--------+--------+--------+--------+-----+--------+
         Total |   1495 |   1464 |     31 |      0 |   1153 |   3 |  498.3 |
       Dungeon |   1495 |   1464 |     31 |      0 |   1153 |   3 |  498.3 |
               +--------+--------+--------+--------+--------+-----+--------+

Top non-repeatable levels by time:
     D:2: 628 daAuts
     D:1: 590 daAuts
     D:3: 276 daAuts
